 Dungeon Crawl Stone Soup version 0.21.1-1-g345015fe64 (webtiles) character file.

551 RepoMan the Ruffian (level 7, 48/57 HPs)
             Began as a Red Draconian Transmuter on July 7, 2018.
             Got out of the dungeon alive.
             The game lasted 00:20:44 (4834 turns).

RepoMan the Ruffian (Red Draconian Transmuter)      Turns: 4834, Time: 00:20:44

Health: 48/57      AC:  6    Str: 13    XL:     7   Next: 7%
Magic:  12/12      EV: 12    Int: 14    God:
Gold:   113        SH:  0    Dex: 12    Spells: 4/12 levels left

rFire    + . .     SeeInvis .     - Unarmed
rCold    . . .     Gourm    .   (no shield)
rNeg     . . .     Faith    .   (armour unavailable)
rPois    .         Spirit   .   (helmet restricted)
rElec    .         Reflect  .   (no cloak)
rCorr    .         Harm     .   (no gloves)
MR       .....                  (no boots)
Stlth    +.........             (no amulet)
HPRegen  0.19/turn              (no ring)
MPRegen  0.13/turn              (no ring)

@: no status effects
A: breathe fire, unfitting armour, fire resistance 1, cold-blooded, AC +6
a: Breathe Fire


You escaped.
You were very hungry.

You visited 1 branch of the dungeon, and saw 5 of its levels.

You collected 233 gold pieces.
You spent 120 gold pieces at shops.

Inventory:

Missiles
 a - 47 arrows
Jewellery
 m - an uncursed amulet of magic regeneration {unknown}
Scrolls
 g - 3 scrolls of teleportation {unknown}
 h - 3 scrolls of magic mapping {unknown}
 i - a scroll of remove curse {unknown}
 j - 3 scrolls of identify {unknown}
 n - a scroll of enchant weapon {unknown}
 o - 2 scrolls of fear {unknown}
 r - a scroll of fog {unknown}
 s - 2 scrolls of enchant armour {unknown}
 w - a scroll of random uselessness {unknown}
Potions
 d - a potion of curing
 e - a potion of berserk rage {unknown}
 f - a potion of heal wounds {unknown}
 k - a potion of flight
 l - a potion of lignification {unknown}
 p - 2 potions of mutation {unknown}
 q - a potion of magic {unknown}
 t - a potion of cancellation {unknown}
 u - a potion of brilliance {unknown}
Books
 b - a book of Changes

   Spells                             Type                      Level
   a - Beastly Appendage              Transmutation                1
   b - Sticks to Snakes               Transmutation                2
   c - Spider Form                    Transmutation/Poison         3
   d - Ice Form                       Ice/Transmutation            4
   e - Blade Hands                    Transmutation                5
 v - a book of Minor Magic

   Spells                             Type                      Level
   a - Magic Dart                     Conjuration                  1
   b - Blink                          Translocation                2
   c - Call Imp                       Summoning                    2
   d - Slow                           Hexes                        2
   e - Conjure Flame                  Conjuration/Fire             3
   f - Mephitic Cloud                 Conjuration/Poison/Air       3
Comestibles
 c - 17 rations


   Skills:
 + Level 3.2 Fighting
 - Level 1.7 Dodging
 * Level 5.2 Unarmed Combat
 + Level 3.3 Spellcasting
 + Level 0.9 Translocations
 * Level 4.7 Transmutations


You had 4 spell levels left.
You knew the following spells:

 Your Spells              Type           Power        Failure   Level  Hunger
a - Beastly Appendage     Tmut           ###...       3%          1    #......
b - Blink                 Tloc           N/A          22%         2    ##.....
c - Spider Form           Tmut/Pois      #.........   24%         3    ###....
t - Sticks to Snakes      Tmut           ###.....     4%          2    ##.....


Dungeon Overview and Level Annotations

Branches:
Dungeon (5/15)
 Temple: D:4-7

Altars:
Hepliaklqana
Ru

Shops:
D:4 !

Annotations:
D:4 Pikel; tidbits's ghost, amateur GnNe


Innate Abilities, Weirdness & Mutations

You can breathe blasts of fire.
Your fiery red scales are hard. (AC +6)
You cannot fit into any form of body armour.
Your flesh is heat resistant. (rF+)
You are cold-blooded and may be slowed by cold attacks.


Message History

There is an open door here.
You see here a halberd.
There is a stone staircase leading up, spattered with blood here.
You climb upwards.
There is a stone staircase leading down here.
There is a stone staircase leading up here.
You climb upwards.
There is a stone staircase leading down here.
You open the door.
There is an open door here.
There is an open door here.
You see here a club.
You are feeling very hungry.
(D) Dungeon
Where to? (Enter - D:1 @ (x,y), ? - help)
You enter the shallow water.
Moving in this stuff is going to be slow.
There is a staircase leading out of the dungeon here.
Are you sure you want to leave the Dungeon?
This will make you lose the game!
You have escaped!

♣♣ ♣
♣♣♣P♣
♣♣♣♣♣♣
≈≈≈♣♣♣).♣
♣P...♣♣
≈≈≈♣
♣.♣.♣
♣..@..♣♣
≈♣ ♣♣.♣♣
♣......♣
♣♣ ♣.♣♣
♣.♣..♣♣♣
♣♣.♣♣
♣♣..♣♣
♣♣.♣
♣♣.♣♣
♣♣♣..♣
♣..♣ ♣
♣♣..♣♣♣
♣♣.♣ ♣♣
♣♣.♣♣♣
♣.♣
.♣♣♣.♣♣
♣♣♣.♣


There were no monsters in sight!

Vanquished Creatures
  A hornet zombie (D:5)
  2 crimson imps (D:5)
  An orc priest (D:3)
  A hound (D:4)
  A centaur skeleton (D:5)
  A worker ant (D:4)
  Natasha (twice) (D:2)
  3 gnolls
  6 adders
  2 shadow imps (D:5)
  3 worms
  2 dart slugs
  5 leopard geckos
  8 orcs
  6 giant cockroaches
  6 goblins
  4 hobgoblins
  14 jackals
  7 kobolds
  2 quokkas (D:3)
  8 bats
  5 frilled lizards
  8 rats
98 creatures vanquished.

Vanquished Creatures (collateral kills)
  Natasha (D:2)
  A hobgoblin (D:2)
2 creatures vanquished.

Grand Total: 100 creatures vanquished

Notes
Turn   | Place    | Note
-------+----------+-------------------------------------------
     0 | D:1      | RepoMan the Draconian Transmuter began the quest for the Orb.
     0 | D:1      | Reached XP level 1. HP: 16/16 MP: 3/3
   126 | D:1      | Reached XP level 2. HP: 20/23 MP: 5/5
   130 | D:1      | Learned a level 2 spell: Sticks to Snakes
  1140 | D:2      | Reached XP level 3. HP: 23/28 MP: 4/6
  1359 | D:2      | Found a hazy altar of Hepliaklqana.
  1443 | D:2      | Found a sacrificial altar of Ru.
  1493 | D:2      | Noticed Natasha
  1501 | D:2      | Killed Natasha
  1501 | D:2      | Reached XP level 4. HP: 32/36 MP: 3/7
  1568 | D:2      | Learned a level 3 spell: Spider Form
  1912 | D:2      | Noticed Natasha
  1919 | D:2      | Killed Natasha
  2222 | D:2      | Noticed Natasha
  2231 | D:2      | Killed Natasha
  2231 | D:2      | Reached skill level 4 in Unarmed Combat
  2231 | D:2      | Reached XP level 5. HP: 41/41 MP: 4/8
  3530 | D:3      | Reached XP level 6. HP: 45/50 MP: 10/10
  3761 | D:4      | Found Ifozaej's Distillery.
  3768 | D:4      | Bought a potion of degeneration for 12 gold pieces
  3768 | D:4      | Bought a potion of curing for 36 gold pieces
  3771 | D:4      | Bought a potion of curing for 36 gold pieces
  3771 | D:4      | Bought a potion of flight for 36 gold pieces
  3801 | D:4      | Noticed Pikel
  3802 | D:4      | Noticed a slave
  3802 | D:4      | Noticed a slave
  3802 | D:4      | Noticed a slave
  3804 | D:4      | Noticed a slave
  3808 | D:4      | Noticed tidbits's ghost (amateur GnNe)
  3863 | D:5      | Entered Level 5 of the Dungeon
  4376 | D:5      | Learned a level 2 spell: Blink
  4454 | D:5      | Reached skill level 5 in Unarmed Combat
  4548 | D:5      | Your scales start taking on a fiery red colour.
  4548 | D:5      | Reached XP level 7. HP: 10/57 MP: 4/12
  4548 | D:5      | Gained mutation: Your flesh is heat resistant. (rF+) [Red Draconian growth]
  4834 | D:$      | Got out of the dungeon alive.

Skill      XL: |  1  2  3  4  5  6 |
---------------+-------------------+-----
Transmutations | 3 4 |  4.7
Fighting       | 2 3 |  3.2
Unarmed Combat | 4 5 |  5.2
Spellcasting   | 3 |  3.3
Dodging        | |  1.7
Translocations | |  0.9

Action                   |  1- 3 |  4- 6 |  7- 9 || total
-------------------------+-------+-------+-------++-------
Melee: Unarmed           |   125 |   240 |       ||   365
       Tailslap          |    12 |    22 |       ||    34
       Kick              |     7 |    19 |       ||    26
       Headbutt          |     3 |     5 |       ||     8
       Punch             |       |     1 |       ||     1
 Cast: Beastly Appendage |    20 |    26 |       ||    46
       Sticks to Snakes  |     1 |     7 |       ||     8
       Spider Form       |       |    14 |       ||    14
       Blink             |       |       |     3 ||     3
 Abil: Breathe Fire      |       |       |     1 ||     1
  Use: Potion            |       |     1 |       ||     1
 Stab: Sleeping          |       |     2 |       ||     2
  Eat: Chunk             |     2 |    10 |       ||    12
       Ration            |       |     1 |       ||     1
Armor: Skin              |    36 |    53 |     1 ||    90
Dodge: Dodged            |    66 |   125 |     5 ||   196
